 Dungeon Crawl Stone Soup version 0.31.0-9-g3a7656b989 (webtiles) character file.

Game seed: 6777081445042915461

26 Colgate the Chopper (level 2, 0/23 (24) HPs)
             Began as a Demonspawn Fighter on Jan 29, 2024.
             Succumbed to a kobold's poison
             ... on level 1 of the Dungeon.
             The game lasted 00:01:15 (917 turns).

Colgate the Chopper (Demonspawn Fighter)             Turns: 917, Time: 00:01:16

HP:   0/23 (24)     AC: 11    Str: 16    XL:     2   Next: 89%
MP:   2/2           EV:  4    Int:  8    God:
Gold: 68            SH:  4    Dex: 12    Spells: 1/1 levels left

rFire   . . .        a - +0 war axe
rCold   . . .        c - +0 buckler
rNeg    . . .        j - +0 plate armour
rPois   .            (no helmet)
rElec   .            (no cloak)
rCorr   .            (no gloves)
SInv    .            (no boots)
Will    .....        (no amulet) Stlth
                     (no ring)
HPRegen 0.23/turn    (no ring)
MPRegen 0.08/turn

%: no passive effects
@: mighty, lethally poisoned (0 -> -10), lightly drained, invisible
A: hooves 1
a: no special abilities


You were on level 1 of the Dungeon.
You visited 1 branch of the dungeon, and saw 2 of its levels.

You collected 68 gold pieces.

Inventory:

Hand Weapons
 a - a +0 war axe (weapon)
Armour
 c - a +0 buckler (worn)
 j - a +0 plate armour (worn)
Scrolls
 e - a scroll of teleportation {unknown}
 g - a scroll of enchant weapon {unknown}
 h - a scroll of fog {unknown}
 i - a scroll of identify {unknown}


   Skills:
 - Level 3.0 Fighting
 + Level 3.1 Axes
 - Level 2.6 Armour
 - Level 2.6 Shields


You had one spell level left.
You didn't know any spells.
Your spell library was empty.

Dungeon Overview and Level Annotations

Branches:
Dungeon (2/15)

Altars:

Shops:
D:2 =


Innate Abilities, Weirdness & Mutations

You have large cloven feet.


Message History

No target in view!
Done exploring.
(D) Dungeon
Where to? (Tab/Enter - D:1 @ (x,y), ? - help)
You see here a +0 dagger.
There is a stone staircase leading down here.
You climb downwards.
The kobold shouts!
You hear a shout!
You hear an angry hiss.
Found a scroll labelled ACWENA KOXUO.
Found Xotsa's Jewellery Shoppe.
Found a stone staircase leading down.
There is a stone staircase leading up here.
A kobold is nearby!
A goblin comes into view. It is wielding a +0 dagger.
The kobold hits you with a +2 dagger of venom.
You are poisoned.
There are monsters nearby!
You closely miss the kobold.
You feel sick. The kobold hits you but does no damage.
You are more poisoned.
An adder comes into view.
There are monsters nearby!
You closely miss the kobold. Your kick misses the kobold.
You feel very sick. You block the kobold's attack.
There are monsters nearby!
You feel sick.
There is a stone staircase leading up here.
You feel sick.
The kobold hits you with a +2 dagger of venom.
You are lethally poisoned!
You climb upwards.
* * * LOW HITPOINT WARNING * * *
You feel very sick.
There is a stone staircase leading down here.
It was a potion of invisibility.
You fade into invisibility!
* * * LOW HITPOINT WARNING * * *
You feel very sick.
You feel very mighty all of a sudden.
You die...

########### #.........# ######
#.........# #@.K.#
#.........####..#.#
#.........+.##....#
#.........#.##.#..#######
#.........#.##.#........#######
#.........#.##.##.......#......
#########.#.............#......
#)####.###......#......
#.#.......##...........


You could see a kobold (unable to see you).

Vanquished Creatures
  2 ball pythons (D:1)
  A bat (D:1)
  5 endoplasms (D:1)
  A giant cockroach (D:1)
  4 goblins (D:1)
  2 kobolds (D:1)
  2 quokkas (D:1)
  3 frilled lizards (D:1)
  2 rats (D:1)
22 creatures vanquished.

Notes
Turn   | Place    | Note
-------+----------+-------------------------------------------
     0 | D:1      | Colgate the Demonspawn Fighter began the quest for the Orb.
     0 | D:1      | Reached XP level 1. HP: 18/18 MP: 1/1
   263 | D:1      | Gained mutation: You have large cloven feet. [demonic
                  | ancestry]
   263 | D:1      | Reached XP level 2. HP: 18/24 MP: 2/2
   909 | D:2      | Found Xotsa's Jewellery Shoppe.
   917 | D:1      | Succumbed to a kobold's poison

Illustrated notes

Levels and vault maps discovered:
D:1:      wheals_arrival_linesprint, layout_basic, serial_bayou_pond_a,
          minmay_pentomino_w2
D:2:      layout_rooms, serial_shops, shop, nicolae_diamond_shop,
          nicolae_square_shop, kennysheep_nondescript, uniq_sigmund

Skill      XL: |  1  2 |
---------------+-------+-----
Axes           | 2 3 |  3.1
Fighting       | |  3.0
Armour         | |  2.6
Shields        | |  2.6

Action                     || total
---------------------------++-------
  Melee: War axe           ||    53
         Kick              ||     6
    Use: Potion            ||     2
 Armour: Scale mail        ||    34
         Plate armour      ||     3
  Dodge: Dodged            ||    23
  Block: Buckler           ||    15
